 Dungeon Crawl Stone Soup version 0.18.1-1-g2f07953 (webtiles) character file.

34 KarmaPolice the Grasshopper (level 3, 0/24 HPs)
             Began as a High Elf Warper on Sept 20, 2016.
             Slain by an adder (3 damage)
             ... on level 1 of the Dungeon.
             The game lasted 00:05:13 (1116 turns).

KarmaPolice the Grasshopper (High Elf Warper)       Turns: 1116, Time: 00:05:14

Health: 0/24       AC:  3    Str: 10    XL:     3   Next: 14%
Magic:  7/8        EV: 12    Int: 17    God:
Gold:   14         SH:  0    Dex: 15    Spells: 3 memorised, 2 levels left

rFire  . . .     SeeInvis .     a - +0 falchion
rCold  . . .     Gourm    .     b - +0 leather armour
rNeg   . . .     Faith    .     (no shield)
rPois  .         Spirit   .     (no helmet)
rElec  .         Dismiss  .     (no cloak)
rCorr  .         Reflect  .     (no gloves)
SustAt .         Harm     .     (no boots)
MR     .....                    (no amulet)
Stlth  ++........               (no ring)
                                (no ring)

@: lethally poisoned (0 -> -11), not resistant to hostile enchantments,
unstealthy
A: no striking features
a: no special abilities


You were on level 1 of the Dungeon.
You were hungry.

You visited 1 branch of the dungeon, and saw 1 of its levels.

You collected 14 gold pieces.

Inventory:

Hand Weapons
 a - a +0 falchion (weapon)
Missiles
 e - 5 tomahawks of dispersal (quivered)
 i - 4 curare-tipped needles
Armour
 b - a +0 leather armour (worn)
Scrolls
 d - a scroll of blinking
 g - 2 scrolls of teleportation {unknown}
 k - 2 scrolls of identify {unknown}
Potions
 h - 2 potions of berserk rage {unknown}
Books
 c - a book of Spatial Translocations

   Spells                             Type                      Level
   a - Apportation                    Translocation                1
   b - Blink                          Translocation                2
   c - Shroud of Golubria             Charms/Translocation         2
   d - Portal Projectile              Translocation                3
   e - Teleport Other                 Translocation                3
   f - Passage of Golubria            Translocation                4
Comestibles
 f - a bread ration


   Skills:
 - Level 2.0 Fighting
 + Level 2.8 Long Blades
 - Level 1.0 Throwing
 - Level 0.8 Armour
 - Level 2.1 Dodging
 + Level 1.9 Stealth
 + Level 2.9 Spellcasting
 + Level 3.7 Translocations


You had 2 spell levels left.
You knew the following spells:

 Your Spells              Type           Power        Failure   Level  Hunger
a - Apportation           Tloc           ###.......   8%          1    None
b - Shroud of Golubria    Chrm/Tloc      #.........   17%         2    ##.....
c - Blink                 Tloc           N/A          12%         2    ##.....


Dungeon Overview and Level Annotations

Branches:
Dungeon (1/15)

Altars:


Message History

The adder poisons you!
You miss the adder.
You feel sick. The adder closely misses you. x2
You miss the adder.
You feel sick. The adder bites you but does no damage.
You hit the adder but do no damage.
You feel sick. The adder closely misses you. The adder bites you.
* * * LOW HITPOINT WARNING * * *
You are more poisoned.
The adder poisons you!
You closely miss the adder.
* * * LOW HITPOINT WARNING * * *
You feel sick. The adder closely misses you.
You miss the adder.
* * * LOW HITPOINT WARNING * * *
You feel sick. The adder bites you.
* * * LOW HITPOINT WARNING * * *
The adder barely misses you.
You miss the adder.
* * * LOW HITPOINT WARNING * * *
You feel sick. The adder bites you.
You die...

#. #.# ## ## #.# ..
...#######.## .# #
#..#........ .# .#
#..... .... .# .#
###.#.#####.### .#.#
#..........)..###..##
#.....#####.#...@S..#
#...........#####.##.#
#.....####..# .# #.#.#
#.....####..#####.#
#.#.#
####..............#
#.#.# #.######)#######
#.#.# #. #.##### #.#.##
#.
#.....###########....##
..
#####..............#...


You could see an adder.

Vanquished Creatures
  An ooze (D:1)
  A worm (D:1)
  7 giant cockroaches (D:1)
  2 goblins (D:1)
  2 hobgoblins (D:1)
  2 jackals (D:1)
  A ball python (D:1)
  3 bats (D:1)
  A giant newt (D:1)
  5 rats (D:1)
25 creatures vanquished.

Notes
Turn   | Place    | Note
--------------------------------------------------------------
     0 | D:1      | KarmaPolice the High Elf Warper began the quest for the Orb.
     0 | D:1      | Reached XP level 1. HP: 14/14 MP: 4/4
     1 | D:1      | Found a runed door.
    31 | D:1      | Reached XP level 2. HP: 12/19 MP: 6/6
    78 | D:1      | Reached skill level 1 in Stealth
   384 | D:1      | Learned a level 2 spell: Shroud of Golubria
   387 | D:1      | Learned a level 2 spell: Blink
   924 | D:1      | Reached XP level 3. HP: 20/24 MP: 8/8
  1116 | D:1      | Slain by an adder

Skill      XL: |  1  2 |
---------------+-------+-----
Stealth        | 1 |  1.9
Fighting       | |  2.0
Long Blades    | |  2.8
Throwing       | |  1.0
Armour         | |  0.8
Dodging        | |  2.1
Spellcasting   | |  2.9
Translocations | |  3.7

Action                   || total
-------------------------++-------
Melee: Falchion          ||   116
 Cast: Shroud of Golubri ||     2
 Stab: Sleeping          ||     1
Armor: Leather armour    ||    32
Dodge: Dodged            ||    73
